 Dungeon Crawl Stone Soup version 0.30-a0-39-g42789b21ef (webtiles) character file.

Game seed: 1327608912808599777

3856 drugrobin the Slicer (level 9, 0/68 HPs)
             Began as a Demigod Delver on Aug 29, 2022.
             Slain by an orc knight
             ... wielding a +0 halberd
              (17 damage)
             ... in a bailey.
             The game lasted 00:32:21 (14275 turns).

drugrobin the Slicer (Demigod Delver)              Turns: 14275, Time: 00:32:29

Health: 0/68       AC:  8    Str: 17    XL:     9   Next: 67%
Magic:  0/18       EV: 14    Int: 22    God:
Gold:   333        SH:  0    Dex: 17    Spells: 7/16 levels left

rFire   . . .      SeeInvis .    a - +0 short sword
rCold   + . .      Faith    .    (no shield)
rNeg    . . .      Spirit   +    J - +0 steam dragon scales
rPois   .          Reflect  .    p - +2 hat
rElec   .          Harm     .    (no cloak)
rCorr   .          Rampage  .    (no gloves)
Will    .....                    G - +0 pair of boots {Stlth+}
Stlth   ++........               j - amulet of guardian spirit
HPRegen 0.21/turn                e - ring of Sauxerie {rC+ Int+6 Dex-2 Slay+5}
MPRegen 0.16/turn                B - +4 ring of slaying

@: very slow
A: high MP 1, forlorn, divine attributes
a: no special abilities


You were in a bailey.
You visited 1 branch of the dungeon, and saw 7 of its levels.
You also visited: Bailey.

You collected 333 gold pieces.

Inventory:

Hand Weapons
 a - a +0 short sword (weapon)
 w - a +0 falchion
Missiles
 b - 3 silver boomerangs
 k - 22 stones
 v - 2 poisoned darts
 C - a boomerang (quivered)
Armour
 p - a +2 hat (worn)
 G - a +0 pair of boots of stealth (worn)
 J - +0 steam dragon scales (worn)
Jewellery
 e - the ring of Sauxerie (left hand) {rC+ Int+6 Dex-2 Slay+5}
   (You acquired it on level 6 of the Dungeon)

   [ring of intelligence]

   Int:       It affects your intelligence (+6).
   Dex:       It affects your dexterity (-2).
   Slay:      It affects your accuracy & damage with ranged weapons and melee
   (+5).
   rC:        It protects you from cold.
 j - an amulet of guardian spirit (around neck)
 B - a +4 ring of slaying (right hand)
Wands
 g - a wand of digging (3)
Scrolls
 c - 3 scrolls of fog
 d - a scroll of magic mapping
 i - 2 scrolls of enchant weapon
 n - a scroll of enchant armour
 o - a scroll of vulnerability {unknown}
 s - a scroll of brand weapon {unknown}
 t - 3 scrolls of teleportation {unknown}
 E - 3 scrolls of immolation {unknown}
 H - a scroll of amnesia
Potions
 m - a potion of haste
 q - a potion of brilliance
 r - a potion of invisibility {unknown}
 u - a potion of might
 x - a potion of ambrosia {unknown}
 z - a potion of heal wounds
 A - 2 potions of mutation {unknown}
 D - 5 potions of curing
 I - 2 potions of lignification


   Skills:
 - Level 2.6 Fighting
 - Level 10.0 Short Blades
 + Level 5.3 Dodging
 - Level 4.5 Stealth
 - Level 4.0 Spellcasting
 + Level 5.4 Conjurations


You had 7 spell levels left.
You knew the following spells:

 Your Spells              Type           Power      Damage    Failure   Level
a - Call Imp              Summ           4%         N/A       17%         2
b - Magic Dart            Conj           100%       1d8       1%          1
c - Mephitic Cloud        Conj/Pois/Air  12%        N/A       16%         3
d - Conjure Flame         Conj/Fire      16%        6-21      11%         3

Your spell library contained the following spells:

 Spells                   Type           Power      Damage    Failure   Level
 Ignite Poison            Fire/Tmut/Pois 4%         N/A       32%         3
 Sticky Flame             Conj/Fire      16%        2d4       36%         4


Dungeon Overview and Level Annotations

Branches:
Dungeon (7/15)             Temple (0/1) D:5          Bailey (1/1)

Shops:
D:2 =

Annotations:
D:1 Robin
D:2 Sigmund


Innate Abilities, Weirdness & Mutations

You have an increased reservoir of magic. (+10% MP)
You shall have no god before yourself.
Your divine heritage dramatically boosts your attributes as you level up.


Message History

Unknown command.
Unknown command.
Casting: Mephitic Cloud (dangerous; 16% risk of failure)
Confirm with . or Enter, or press ? or * to list all spells.
A beastly little devil appears in a puff of frigid air.
You enter the shallow water.
Moving in this stuff is going to be slow.
Unknown command.
Unknown command.
Unknown command.
Unknown command.
Really walk into that cloud of noxious fumes?
Okay, then.
Unknown command.
Unknown command.
The orc knight seems less confused.
The orc knight splashes around in the water.
Unknown command.
Unknown command.
The orc knight hits you with a +0 halberd!!
The orc knight hits you with a +0 halberd!
Unknown command.
Unknown command.
Unknown command.
Unknown command.
Unknown command.
Okay, then.
Unknown command.
Unknown command.
Unknown command.
Unknown command.
Unknown command.
Unknown command.
Your white imp barely misses the orc knight.
The orc knight hits you from afar with a +0 halberd!!
* * * LOW HITPOINT WARNING * * *
Your white imp gestures at the orc knight.
The puff of frost hits the orc knight.
The orc knight hits you from afar with a +0 halberd!!
You die...

...........................#
~~~~~~~~~~~~~~~~≈≈≈≈≈~.....#
~~~~~~~~~~~~~~~≈≈###≈≈.....#
~~~~~~~~~)~~~~~≈##.##≈.....#
~~~)~~~~~~~~~~~~)...#≈.....#
~~~~~~~~~~~~~~~≈#∩.##≈.....#
~~~~#######~~~~≈##.#≈≈.....#
~~~## #~~~~≈≈≈~≈≈~.....#
~~## #~~~o~@~~~~~.....# ~##
#~~~~5~~~~~~..)..# ~#~
#~~##~~~~~~~.....# ##o
###~##~~~~~~~.....# ##~
#.'~##~~~~~~~.....# ##~
###~##~~~~~~~.....# ##~
#.')##~~~~~~~.....#
##~#########o##~~~~~~~.....#
~#~~##)#.##~~#~~~~~~~~.....#


You could see an orc knight (ally target) and a friendly white imp (summoned).

Vanquished Creatures
  Pikel (D:6)
  Grinder (D:6)
  Prince Ribbit (D:6)
  A wyvern (D:6)
  A steam dragon (D:6)
  Edmund (D:5)
  A water moccasin (D:5)
  6 orc warriors (Bailey)
  A sky beast (D:6)
  2 ice beasts
  An ogre (D:5)
  4 lemures
  A phantom (D:5)
  A nameless horror (D:4)
  3 bullfrogs
  2 necrophages (D:6)
  3 scorpions
  2 wights (D:7)
  2 howler monkeys
  3 orc priests
  A hound (D:4)
  Jessica (D:2)
  2 gnoll boudas
  5 iguanas
  7 orc wizards
  3 gnolls
  14 adders
  A shadow imp (D:6)
  A white imp (D:6)
  2 ufetubi
  4 worms
  4 dart slugs
  43 orcs
  5 ball pythons
  4 bats
  7 endoplasms
  4 giant cockroaches
  11 goblins
  8 hobgoblins
  4 quokkas
  4 frilled lizards
  7 kobolds
  4 rats
184 creatures vanquished.

Vanquished Creatures (collateral kills)
  An orc wizard (D:3)
  An orc (D:4)
2 creatures vanquished.

Grand Total: 186 creatures vanquished

Notes
Turn   | Place    | Note
-------+----------+-------------------------------------------
     0 | D:5      | drugrobin the Demigod Delver began the quest for the Orb.
     0 | D:5      | Reached XP level 1. HP: 18/18 MP: 3/3
     7 | D:5      | Noticed a scorpion
    14 | D:5      | Noticed an iguana
    19 | D:5      | Noticed a water moccasin
    28 | D:5      | Found a staircase to the Ecumenical Temple.
    28 | D:5      | Noticed an ice beast
   143 | D:1      | Reached skill level 2 in Short Blades
   509 | D:1      | Reached XP level 2. HP: 6/25 MP: 4/4
   837 | D:1      | You fall into a shaft and drop 1 floor!
  1348 | D:1      | Reached skill level 3 in Short Blades
  1449 | D:2      | Found Nuamomey's Jewellery Boutique.
  1674 | D:2      | Noticed Sigmund
  1692 | D:2      | Noticed Jessica
  1721 | D:2      | Killed Jessica
  1722 | D:2      | Reached XP level 3. HP: 21/30 MP: 5/5
  2051 | D:2      | Reached skill level 4 in Short Blades
  2190 | D:2      | Noticed Robin
  2277 | D:1      | Reached XP level 4. HP: 12/37 MP: 6/6
  4117 | D:3      | Reached skill level 5 in Short Blades
  4117 | D:3      | Reached XP level 5. HP: 17/42 MP: 7/7
  4557 | D:3      | Learned a level 2 spell: Call Imp
  6248 | D:4      | Reached skill level 6 in Short Blades
  6310 | D:4      | Reached XP level 6. HP: 33/50 MP: 4/8
  6472 | D:4      | Noticed a nameless horror
  6500 | D:4      | Killed a nameless horror
  7790 | D:4      | Reached skill level 7 in Short Blades
  7946 | D:5      | Reached XP level 7. HP: 56/56 MP: 9/9
  8206 | D:5      | Noticed Edmund
  8544 | D:4      | Reached skill level 1 in Spellcasting
  8616 | D:5      | Reached skill level 8 in Short Blades
  9464 | D:5      | Learned a level 1 spell: Magic Dart
  9549 | D:5      | Reached XP level 8. HP: 57/62 MP: 5/15
  9634 | D:5      | Killed Edmund
  9635 | D:5      | Reached skill level 1 in Conjurations
  9885 | D:6      | Noticed Prince Ribbit
  9922 | D:6      | Learned a level 3 spell: Mephitic Cloud
 10143 | D:6      | Identified a scroll of acquirement
 10144 | D:6      | Acquired the ring of Sauxerie {rC+ Int+6 Dex-2 Slay+5}
 10266 | D:6      | Killed Prince Ribbit
 10445 | D:6      | Reached skill level 9 in Short Blades
 10796 | D:6      | Noticed Grinder
 10863 | D:6      | Paralysed by Grinder for 5 turns
 10873 | D:6      | Killed Grinder
 10954 | D:6      | Noticed Pikel
 12049 | D:6      | Reached XP level 9. HP: 68/68 MP: 18/18
 12054 | D:6      | Learned a level 3 spell: Conjure Flame
 12243 | D:6      | Killed Pikel
 13195 | D:7      | Found a flagged portal.
 13214 | Bailey   | Entered a bailey
 13559 | Bailey   | Reached skill level 10 in Short Blades
 13559 | Bailey   | Reached skill level 5 in Conjurations
 13965 | Bailey   | Reached skill level 5 in Dodging
 14244 | Bailey   | Noticed an orc knight
 14275 | Bailey   | Slain by an orc knight

Illustrated notes

Levels and vault maps discovered:
D:1:      lemuel_arrival_room, layout_loops_ring, shapermc_ecumenical_altar_gd,
          minivault_14
D:2:      layout_basic, serial_shops, shop, minmay_misc_feat_rows, uniq_robin,
          uniq_jessica, uniq_sigmund
D:3:      layout_loops_ring, mainiacjoe_overflow_24_doors
D:4:      layout_loops_ring, general_overflow_altar, dreamdust_princess_bridge
D:5:      layout_loops_ring, minmay_temple_entry_trees, uniq_edmund
D:6:      layout_cave_pods, moated_statue, minmay_quadrilaterals, uniq_grinder,
          uniq_prince_ribbit1, uniq_pikel
D:7:      layout_cave_pods, mainiacjoe_overflow_boulevard, enter_bailey_2,
          supply_closet_lemuel, hangedman_abyss_or_decor_lesser_grid,
          minmay_between
Bailey:   bailey_polearm_2, bailey

Skill      XL: |  1  2  3  4  5  6  7  8  9 |
---------------+----------------------------+-----
Short Blades   | 2 3 4 5 6 7 8 9 10 | 10.0
Spellcasting   | 2 4 |  4.0
Conjurations   | 3 5 |  5.4
Dodging        | 3 5 |  5.3
Fighting       | |  2.6
Stealth        | |  4.5

Action                   |  1- 3 |  4- 6 |  7- 9 || total
-------------------------+-------+-------+-------++-------
Melee: Short sword       |   171 |   474 |   413 ||  1058
       Unarmed           |       |     8 |       ||     8
       Punch             |       |     6 |     5 ||    11
Throw: Stone             |     3 |     7 |    23 ||    33
       Dart              |       |     3 |    12 ||    15
 Cast: Call Imp          |       |     9 |    14 ||    23
       Magic Dart        |       |       |    36 ||    36
       Mephitic Cloud    |       |       |    13 ||    13
Evoke: Wand              |       |       |     2 ||     2
  Use: Potion            |     2 |     3 |       ||     5
       Scroll            |       |     5 |     8 ||    13
 Stab: Sleeping          |     4 |    11 |     9 ||    24
       Distracted        |       |     1 |     2 ||     3
       Confused          |       |       |    13 ||    13
Armor: Scale mail        |    53 |    57 |       ||   110
       Leather armour    |     3 |    57 |    55 ||   115
       Skin              |       |    14 |       ||    14
       Steam dragon scal |       |       |     8 ||     8
Dodge: Dodged            |    66 |   235 |   213 ||   514

Table legend: (Time is in decaauts)
 A = Elapsed time spent in this place.
 B = Non-inter-level travel time spent in this place.
 C = Inter-level travel time spent in this place.
 D = Time resting spent in this place.
 E = Time spent auto-exploring this place.
 F = Levels seen in this place.
 G = Mean time per level.
                   A        B        C        D        E       F      G
               +--------+--------+--------+--------+--------+-----+--------+
         Total |  14157 |  13840 |    317 |   5126 |   5683 |   8 | 1769.6 |
       Dungeon |  13012 |  12695 |    317 |   4724 |   5355 |   7 | 1858.9 |
        Bailey |   1145 |   1145 |      0 |    402 |    328 |   1 | 1145.0 |
               +--------+--------+--------+--------+--------+-----+--------+

Top non-repeatable levels by time:
     D:2: 2639 daAuts
     D:6: 2400 daAuts
     D:4: 2176 daAuts
     D:5: 2115 daAuts
     D:3: 2050 daAuts
     D:1: 1527 daAuts
  Bailey: 1145 daAuts
     D:7: 103 daAuts
